 Dungeon Crawl Stone Soup version 0.27.1-33-g824d729ab1 (webtiles) character file.

Game seed: 6946325961673069025

186 eliilek the Shield-Bearer (level 5, 0/70 HPs)
             Began as a Minotaur Fighter on Dec 28, 2021.
             Was a Believer of Makhleb.
             Slain by Grinder (4 damage)
             ... on level 3 of the Dungeon on Dec 31, 2021.
             The game lasted 00:07:07 (2377 turns).

eliilek the Shield-Bearer (Minotaur Fighter)        Turns: 2377, Time: 00:07:07

Health: 0/70       AC: 26    Str: 20    XL:     5   Next: 38%
Magic:  4/4        EV:  2    Int:  5    God:    Makhleb [**....]
Gold:   77         SH: 10    Dex: 11    Spells: 4/4 levels left

rFire    . . .     SeeInvis .   a - +0 flail
rCold    . . .     Faith    .   c - +0 kite shield
rNeg     + + +     Spirit   .   (armour currently unavailable)
rPois    +         Reflect  .   (helmet currently unavailable)
rElec    .         Harm     .   (cloak currently unavailable)
rCorr    .         Rampage  .   (gloves currently unavailable)
Will     .....     NoTele   +   (boots currently unavailable)
Stlth    +.........             (no amulet)
HPRegen  0.21/turn              f - +4 ring of protection
MPRegen  0.09/turn              (no ring)

@: tree-form
A: stationary, stasis, torment immunity, boosted hp, (horns 2), (retaliatory
headbutt)
a: Renounce Religion, Minor Destruction


You were on level 3 of the Dungeon.
You worshipped Makhleb.
Makhleb was pleased with you.
You were a tree.
You visited 1 branch of the dungeon, and saw 3 of its levels.

You collected 77 gold pieces.

Inventory:

Hand Weapons
 a - a +0 flail (weapon)
Missiles
 e - 65 stones (quivered)
Armour
 c - a +0 kite shield (worn)
 l - a +0 chain mail (melded)
 o - a +0 pair of boots (melded)
Jewellery
 d - a +4 ring of protection
 f - a +4 ring of protection (left branch)
Scrolls
 b - a scroll of fog {unknown}
 h - a scroll of blinking {unknown}
 i - 2 scrolls of noise {unknown}
 j - 3 scrolls of teleportation {unknown}
 k - 2 scrolls of identify {unknown}
 n - a scroll of fear {unknown}
 p - a scroll of torment {unknown}
 q - a scroll of silence {unknown}
Potions
 m - a potion of curing {unknown}


   Skills:
 + Level 4.5 Fighting
 * Level 4.5 Maces & Flails
 - Level 3.6 Armour
 * Level 5.2 Shields
 + Level 1.2 Invocations


You had 4 spell levels left.
You didn't know any spells.
Your spell library contained the following spells:

 Spells                   Type           Power      Damage    Failure   Level
 Animate Skeleton         Necr           0%         N/A       88%         1
 Corona                   Hex            0%         N/A       88%         1
 Pain                     Necr           0%         1d4       88%         1
 Shock                    Conj/Air       0%         1d3       88%         1
 Ensorcelled Hibernation  Hex/Ice        0%         N/A       96%         2
 Spider Form              Tmut/Pois      0%         N/A       99%         3
 Swiftness                Air            0%         N/A       99%         3
 Tukima's Dance           Hex            0%         N/A       99%         3
 Vampiric Draining        Necr           0%         2d6       99%         3
 Airstrike                Air            0%         N/A       100%        4
 Summon Lightning Spire   Summ/Air       0%         N/A       100%        4
 Shadow Creatures         Summ           N/A        N/A       100%        6
 Storm Form               Tmut/Air       0%         N/A       100%        7
 Maxwell's Capacitive Co  Air            0%         ∞         100%        8


Dungeon Overview and Level Annotations

Branches:
Dungeon (3/15)

Altars:
Hepliaklqana
Makhleb

Annotations:
D:3 Grinder


Innate Abilities, Weirdness & Mutations

You are a tree.
Your roots penetrate the ground, keeping you stationary.
You cannot be teleported.
You are immune to unholy pain and torment.
Your maximum health is greatly increased.
Your equipment is partially melded.
((You have a pair of horns on your head.))
((You reflexively headbutt those who attack you in melee.))


Message History

You barely miss Grinder. You headbutt Grinder.
Grinder is lightly wounded.
Grinder hits you!
You writhe in agony.
It was a potion of lignification.
You turn into a tree.
Your +0 pair of boots melds into your body.
Your +0 chain mail melds into your body.
Your roots penetrate the ground.
Grinder hits you but does no damage.
You hit Grinder.
Grinder is moderately wounded.
Grinder gestures at you.
You suddenly lose the ability to move!
Grinder hits you! Grinder hits you.
* * * LOW HITPOINT WARNING * * *
Grinder hits you but does no damage. x4
You can move again.
You barely miss Grinder.
Grinder is moderately wounded.
Grinder hits you.
* * * LOW HITPOINT WARNING * * *
Unknown command.
Okay, then.
You hit Grinder but do no damage.
Grinder is moderately wounded.
Grinder hits you.
* * * LOW HITPOINT WARNING * * *
Okay, then.
Okay, then.
You closely miss Grinder.
Grinder is moderately wounded.
Grinder hits you.
* * * LOW HITPOINT WARNING * * *
Grinder hits you.
* * * LOW HITPOINT WARNING * * *
You closely miss Grinder.
Grinder is moderately wounded.
Grinder hits you but does no damage.
You thump Grinder!
Grinder is heavily wounded.
Grinder hits you but does no damage. Grinder hits you.
You die...

#...######
.#######..#####
.........>....#
#############.#
........#.#
##########.#.#
#.....<..#.#.#
#.####.#.#5#.#
#.....)#.#♣#.#
#..####....#.#
#(.......###.#
#.#####.####.#
#.# #......#
#.# ########
#.. ##


You could see Grinder.

Vanquished Creatures
  A scorpion (D:2)
  Jessica (D:3)
  4 gnolls (D:3)
  An adder zombie (D:2)
  5 orcs
  3 ball pythons
  2 bat zombies (D:2)
  5 endoplasms
  3 giant cockroaches
  4 goblins
  2 hobgoblins
  6 kobolds
  3 quokkas (D:2)
  A ball python skeleton (D:2)
  5 bats
  A frilled lizard (D:1)
  A jackal skeleton (D:2)
  6 rats
54 creatures vanquished.

Vanquished Creatures (others)
  A withered plant (D:2)
1 creature vanquished.

Grand Total: 55 creatures vanquished

Notes
Turn   | Place    | Note
-------+----------+-------------------------------------------
     0 | D:1      | eliilek the Minotaur Fighter began the quest for the Orb.
     0 | D:1      | Reached XP level 1. HP: 19/19 MP: 0/0
   187 | D:1      | Reached XP level 2. HP: 15/27 MP: 1/1
   358 | D:1      | Reached skill level 4 in Shields
   527 | D:1      | Found a faded altar of an unknown god.
   540 | D:1      | Became a worshipper of Makhleb the Destroyer
   540 | D:1      | Reached * piety under Makhleb
  1030 | D:2      | Reached XP level 3. HP: 28/33 MP: 2/2
  1343 | D:2      | Reached ** piety under Makhleb
  1379 | D:2      | Noticed a scorpion
  1390 | D:2      | Killed a scorpion
  1391 | D:2      | Reached XP level 4. HP: 24/40 MP: 3/3
  1929 | D:3      | Noticed Jessica
  1950 | D:3      | Reached skill level 5 in Shields
  1950 | D:3      | Reached skill level 1 in Invocations
  1951 | D:3      | Killed Jessica
  1952 | D:3      | Reached XP level 5. HP: 34/47 MP: 4/4
  2026 | D:3      | Found a hazy altar of Hepliaklqana.
  2327 | D:3      | Noticed Grinder
  2334 | D:3      | Paralysed by Grinder for 4 turns
  2367 | D:3      | Paralysed by Grinder for 6 turns
  2375 | D:3      | HP: 3/70 [Grinder (6)]
  2377 | D:3      | Slain by Grinder

Illustrated notes

Levels and vault maps discovered:
D:1:      evilmike_arrival_plus, layout_basic,
          shapermc_ecumenical_altar_starsandcircs
D:2:      layout_loops_ring, serial_undead, serial_undead_a, serial_undead_d,
          serial_undead_a, serial_undead_c, minmay_misc_feat_room
D:3:      layout_basic, lemuel_tele_altar, uniq_jessica, uniq_grinder

Skill      XL: |  1  2  3  4 |
---------------+-------------+-----
Shields        | 4 5 |  5.2
Maces & Flails | 3 4 |  4.5
Fighting       | 4 |  4.5
Invocations    | 1 |  1.2
Armour         | |  3.6

Action                   |  1- 3 |  4- 6 || total
-------------------------+-------+-------++-------
Melee: Flail             |   119 |    50 ||   169
       Headbutt          |    14 |    12 ||    26
Throw: Stone             |     1 |       ||     1
Invok: Minor Destruction |       |     1 ||     1
  Use: Potion            |       |     2 ||     2
Armor: Scale mail        |    20 |       ||    20
       Chain mail        |    51 |    19 ||    70
       Skin              |       |     7 ||     7
Dodge: Dodged            |    37 |     9 ||    46
Block: Kite shield       |    56 |    22 ||    78
